 Dungeon Crawl Stone Soup version 0.22.1-6-g1668fe2c40 (webtiles) character file.

137 Gargoyl the Skirmisher (level 5, -2/45 HPs)
             Began as a Centaur Abyssal Knight on Jan 19, 2019.
             Was a Believer of Lugonu.
             Slain by an orc (4 damage)
             ... on level 3 of the Dungeon.
             The game lasted 00:05:57 (2907 turns).

Gargoyl the Skirmisher (Centaur Abyssal Knight)     Turns: 2907, Time: 00:05:58

Health: -2/45      AC:  8    Str: 14    XL:     5   Next: 0%
Magic:  6/6        EV:  3    Int: 11    God:    Lugonu [**....]
Gold:   51         SH: 10    Dex: 10    Spells: 4/4 levels left

rFire    . . .     SeeInvis .   a - +1 hand axe
rCold    . . .     Gourm    .   j - +0 large shield
rNeg     . . .     Faith    .   k - +0 swamp dragon scales
rPois    +         Spirit   .   o - +0 helmet
rElec    .         Reflect  .   (no cloak)
rCorr    .         Harm     .   (no gloves)
MR       .....     Rnd*Tele +   (no barding)
Stlth    ..........             (no amulet)
HPRegen  0.15/turn              d - ring of poison resistance
MPRegen  0.10/turn              (no ring)

@: hasted, very quick
A: large, hooves 3, deformed body, speed 2, low mp 1, sense surroundings 1,
teleportitis 1, tough skin 3, subdued magic 1
a: Depart the Abyss, Bend Space, Renounce Religion


You were on level 3 of the Dungeon.
You worshipped Lugonu.
Lugonu was pleased with you.
You were hungry.

You visited 1 branch of the dungeon, and saw 3 of its levels.
You visited the Abyss 1 time.

You collected 51 gold pieces.

Inventory:

Hand Weapons
 a - a +1 hand axe (weapon)
Missiles
 g - 2 javelins (quivered)
Armour
 j - a +0 large shield (worn)
 k - +0 swamp dragon scales (worn)
 o - a +0 helmet (worn)
Jewellery
 d - a ring of poison resistance (left hand)
 p - an uncursed ring of resist corrosion {unknown}
Scrolls
 f - a scroll of remove curse {unknown}
 i - a scroll of fear {unknown}
 n - a scroll of identify
Potions
 b - a potion of haste
 e - a potion of mutation
 l - a potion of flight {unknown}
 m - a potion of heal wounds {unknown}
Comestibles
 c - 5 rations


   Skills:
 + Level 3.6 Fighting
 + Level 2.6 Axes
 * Level 2.2 Armour
 * Level 1.5 Dodging
 + Level 0.1 Shields
 * Level 2.8 Invocations


You had 4 spell levels left.
You didn't know any spells.
Your spell library was empty.

Dungeon Overview and Level Annotations

Branches:
Dungeon (3/15)

Altars:
Ru


Innate Abilities, Weirdness & Mutations

You have hooves in place of feet.
Armour fits poorly on your strangely shaped body.
You cover ground very quickly.
You have extremely tough skin. (AC +3)
Your magical capacity is low. (-10% MP)
You passively map a small area around you.
You are occasionally teleported next to monsters.
Your spells are a little easier to cast, but a little less powerful.


Message History

You block the orc wizard's attack. The orc hits you but does no damage.
You block the orc wizard's attack. The orc hits you but does no damage.
It was a potion of mutation.
You feel extremely strange.
Your connection to magic feels subdued.
You feel less energetic.
You feel weirdly uncertain.
You feel a strange attunement to the structure of the dungeons.
The orc wizard hits you but does no damage.
The orc hits you but does no damage.
It was a potion of curing.
You feel better. The orc wizard hits you with a dagger.
* * * LOW HITPOINT WARNING * * *
The orc wizard casts a spell at you. The magic dart hits you!
* * * LOW HITPOINT WARNING * * *
The orc barely misses you.
It was a potion of haste.
You feel yourself speed up. The orc wizard hits you with a dagger.
* * * LOW HITPOINT WARNING * * *
The orc hits you.
You die...

* * *, * * ,###* *
## #.####### ....
.. , ** #.....o)#
..... * #.
.######@###..... ,
#. #o........,,
##. ##........, ..
#.##....... #.##.
#.# ###...##.##. *
##.######.........
,
#...........#..<#.
,
#...#######.#...#.
#..#.## #........


You could see an orc wizard and an orc.

Vanquished Creatures
  3 gnolls (D:2)
  2 adders (D:2)
  An ooze (D:2)
  A worm (D:2)
  3 dart slugs (D:1)
  2 leopard geckos
  5 orcs (D:3)
  11 bats
  2 giant cockroaches
  7 goblins
  3 hobgoblins
  8 jackals
  9 kobolds
  2 quokkas
  3 frilled lizards
  3 rats
65 creatures vanquished.

Notes
Turn   | Place    | Note
-------+----------+-------------------------------------------
     0 | Abyss:1  | Gargoyl the Centaur Abyssal Knight began the quest for the
                  | Orb.
     0 | Abyss:1  | Reached XP level 1. HP: 19/19 MP: 2/2
    40 | Abyss:2  | Noticed a lich
    41 | D:1      | Escaped the Abyss
   365 | D:1      | Reached XP level 2. HP: 20/26 MP: 3/3
   507 | D:1      | Reached * piety under Lugonu
   802 | D:1      | Reached skill level 1 in Dodging
  1078 | D:2      | Reached XP level 3. HP: 31/31 MP: 4/4
  1362 | D:2      | Reached XP level 4. HP: 16/38 MP: 5/5
  2430 | D:3      | Reached ** piety under Lugonu
  2664 | D:3      | Found a sacrificial altar of Ru.
  2901 | D:3      | Reached XP level 5. HP: 15/45 MP: 7/7
  2904 | D:3      | HP: 2/45 [orc wizard/magic dart (5)]
  2905 | D:3      | Gained mutation: Your spells are a little easier to cast,
                  | but a little less powerful. [potion of mutation]
  2905 | D:3      | Gained mutation: Your magical capacity is low. (-10% MP)
                  | [potion of mutation]
  2905 | D:3      | Gained mutation: You are occasionally teleported next to
                  | monsters. [potion of mutation]
  2905 | D:3      | Gained mutation: You passively map a small area around you.
                  | [potion of mutation]
  2907 | D:3      | Slain by an orc

Skill      XL: |  1  2  3 |
---------------+----------+-----
Axes           | 2 |  2.6
Dodging        | 1 |  1.5
Armour         | 2 |  2.2
Fighting       | |  3.6
Shields        | |  0.1
Invocations    | |  2.8

Action                   |  1- 3 |  4- 6 || total
-------------------------+-------+-------++-------
Melee: Hand axe          |    84 |   101 ||   185
       Kick              |    13 |    19 ||    32
Invok: Depart the Abyss  |     1 |       ||     1
  Use: Scroll            |     4 |       ||     4
       Potion            |     1 |     3 ||     4
  Eat: Chunk             |       |     4 ||     4
Armor: Leather armour    |    23 |       ||    23
       Chain mail        |    33 |     5 ||    38
       Swamp dragon scal |       |    75 ||    75
       Skin              |       |     1 ||     1
Dodge: Dodged            |    57 |    15 ||    72
Block: Large shield      |       |    62 ||    62
